 Seeded DCSS version 0.29-a0-362-g5854e031c7 (webtiles) character file.

Game seed: 9708579739092153053 (custom seed)

37 zeratav the Skirmisher (level 3, -2/36 HPs)
             Began as a Hill Orc Monk on Apr 29, 2022.
             Slain by a gnoll
             ... wielding a +3 flail
              (3 damage)
             ... on level 2 of the Dungeon.
             The game lasted 00:02:49 (1377 turns).

zeratav the Skirmisher (Hill Orc Monk)              Turns: 1377, Time: 00:02:50

Health: -2/36      AC:  4    Str: 15    XL:     3   Next: 39%
Magic:  3/3        EV: 12    Int: 16    God:
Gold:   46         SH:  0    Dex: 13    Spells: 2/2 levels left

rFire   . . .      SeeInvis +   e - +5 morningstar of Ignis's Pride {drain, rElec, mace}
rCold   . . .      Faith    .   (no shield)
rNeg    + . .      Spirit   .   j - +0 leather armour
rPois   .          Reflect  .   k - +0 helmet {SInv}
rElec   +          Harm     .   (no cloak)
rCorr   .          Rampage  .   (no gloves)
Will    .....                   (no boots)
Stlth   ++........              (no amulet)
HPRegen 0.12/turn               l - ring "Zaareu" {rN+ Int+6}
MPRegen 0.08/turn               (no ring)

@: no status effects
A: no striking features
a: no special abilities


You were on level 2 of the Dungeon.
You visited 1 branch of the dungeon, and saw 2 of its levels.

You collected 46 gold pieces.


   Skills:
 + Level 5.3 Fighting
 - Level 4.0 Axes
 - Level 2.4 Dodging
 - Level 1.5 Stealth


You had 2 spell levels left.
You didn't know any spells.
Your spell library was empty.

Inventory:

Hand Weapons
 a - a +0 hand axe {axe}
 e - the +5 morningstar of Ignis's Pride (weapon) {drain, rElec, mace}
   (You acquired it on level 1 of the Dungeon)

   A truly terrible weapon, it drains the life of any living foe it strikes.
   rElec:     It insulates you from electricity.
Armour
 j - a +0 leather armour (worn)
   (You found it on level 1 of the Dungeon)
 k - a +0 helmet of see invisible (worn)
   (You acquired it on level 1 of the Dungeon)
Jewellery
 l - the ring "Zaareu" (left hand) {rN+ Int+6}
   (You acquired it on level 1 of the Dungeon)

   [ring of intelligence]

   Int:       It affects your intelligence (+6).
   rN:        It protects you from negative energy.
Scrolls
 d - 2 scrolls of magic mapping {unknown}
 f - a scroll of silence {unknown}
 i - a scroll of vulnerability {unknown}
Potions
 b - a potion of curing {unknown}
 c - a potion of ambrosia

Dungeon Overview and Level Annotations

Branches:
Dungeon (2/15)

Altars:
Makhleb

###.#.####...<..##.#.#
........#............
##.#.##....#...##.##.#
#.......#............#
#..#...###...........#
#..#..## ##..#.##.#..#
#......# #.....####..#
#...#.## ##.#........#
##..#### #+##.@###.##
...## ##g# #)..## #g.#
..)..# #g.......#
#..#....# ....#######
#<##...## #.....
........# #...###
#........#....
#..#.......##.


You could see 3 gnolls.


Message History

Your hp is fully restored (36).
b - a cyan potion No target in view!
No target in view!
No target in view!
An endoplasm comes into view.
Found an escape hatch in the ceiling.
An endoplasm is nearby!
The endoplasm freezes you.
You are frozen.
HP[-4]
You take 4 damage, and now have 32/36 hp.
You hit the endoplasm. The endoplasm freezes you.
You are frozen.
HP[-4]
You take 4 damage, and now have 28/36 hp.
You puncture the endoplasm!
You kill the endoplasm!
HP[+1] No target in view!
No target in view!
No target in view!
No target in view!
No target in view!
No target in view!
No target in view!
No target in view!
No target in view!
No target in view!
No target in view!
No target in view!
No target in view!
No target in view!
No target in view!
No target in view!
Found a burning altar of Makhleb.
HP[+7]
Your hp is fully restored (36).
You now have 46 gold pieces (gained 7).
A gnoll comes into view. It is wielding a +1 vorpal flail.
The gnoll moves out of view.
No target in view!
The gnoll shouts!
A gnoll comes into view. It is wielding a +0 flail.
There are monsters nearby!
The gnoll shouts!
A gnoll comes into view. It is wielding a +3 flail.
A gnoll comes into view. It is wielding a +0 halberd.
The gnoll shouts!
You sock the gnoll!
You kill the gnoll!
The gnoll misses you.
Things that are here:
a +1 vorpal flail {mace}; a gnoll corpse The gnoll closely misses you.
You hit the gnoll. The gnoll hits you with a +0 halberd! The gnoll misses you.
HP[-10]
You take 10 damage, and now have 26/36 hp.
MASSIVE DAMAGE!! (PAUSE)
You are too injured to fight recklessly!
You are too injured to fight recklessly!
You are too injured to fight recklessly!
You are too injured to fight recklessly!
You are too injured to fight recklessly!
You are too injured to fight recklessly!
You are too injured to fight recklessly!
You are too injured to fight recklessly!
You are too injured to fight recklessly!
You are too injured to fight recklessly!
You are too injured to fight recklessly!
You are too injured to fight recklessly!
You are too injured to fight recklessly!
You are too injured to fight recklessly!
You are too injured to fight recklessly!
You are too injured to fight recklessly!
You are too injured to fight recklessly!
You are too injured to fight recklessly!
You are too injured to fight recklessly!
You are too injured to fight recklessly!
You are too injured to fight recklessly!
The gnoll attacks as you move away! The gnoll misses you.
The gnoll barely misses you.
Things that are here:
a +1 vorpal flail {mace}; a gnoll corpse You barely miss the gnoll.
The gnoll hits you from afar with a +0 halberd!
* * * LOW HITPOINT WARNING * * *
The gnoll hits you with a +0 flail.
* * * LOW HITPOINT WARNING * * *
The gnoll hits you with a +3 flail.
* * * LOW HITPOINT WARNING * * *
The gnoll closely misses you. The gnoll completely misses you.
The gnoll hits you with a +0 flail.
* * * LOW HITPOINT WARNING * * *
HP[-25]
You take 25 damage, and now have 1/36 hp.
MASSIVE DAMAGE!! (PAUSE)
You hit the gnoll. The gnoll hits you with a +3 flail.
You die...

Skill      XL: |  1  2  3 |
---------------+----------+-----
Fighting       | 4 5 |  5.3
Axes           | |  4.0
Dodging        | |  2.4
Stealth        | |  1.5

Action                   || total
-------------------------++-------
Melee: Hand axe          ||    56
       Morningstar       ||    11
  Use: Scroll            ||     4
 Stab: Sleeping          ||     2
Armor: Robe              ||     8
       Leather armour    ||     2
Dodge: Dodged            ||    50

Levels and vault maps discovered:
D:1:      mrwooster_arrival_arrow, layout_basic
D:2:      layout_basic, basic_altar, minmay_fractal_squares_gapless_5

Notes
Turn   | Place    | Note
-------+----------+-------------------------------------------
     0 | D:1      | zeratav the Hill Orc Monk began the quest for the Orb.
     0 | D:1      | Reached XP level 1. HP: 19/19 MP: 1/1
     0 | D:1      | magus.rc [v1.9.6]
   330 | D:1      | Reached skill level 4 in Fighting
   338 | D:1      | HP: 4/20 [quokka (5)]
   610 | D:1      | Reached XP level 2. HP: 25/28 MP: 2/2
  1043 | D:1      | Reached XP level 3. HP: 34/35 MP: 3/3
  1224 | D:1      | Identified 3 scrolls of acquirement
  1224 | D:1      | Acquired the ring "Zaareu" {rN+ Int+6}
  1225 | D:1      | Acquired the +5 morningstar of Ignis's Pride {drain, rElec}
  1227 | D:1      | Acquired a +0 helmet of see invisible
  1272 | D:2      | Reached skill level 5 in Fighting
  1361 | D:2      | Found a burning altar of Makhleb.
  1375 | D:2      | HP: 7/36 [gnoll/+0 flail (5)]
  1375 | D:2      | HP: 3/36 [gnoll/+3 flail (4)]
  1375 | D:2      | HP: 1/36 [gnoll/+0 flail (2)]
  1377 | D:2      | Slain by a gnoll

Vanquished Creatures
  A gnoll (D:2)
  2 dart slugs (D:1)
  A ball python (D:1)
  2 endoplasms
  A giant cockroach (D:1)
  2 goblins (D:1)
  3 hobgoblins (D:1)
  2 quokkas (D:1)
  2 bats (D:1)
  4 kobolds
  2 rats (D:1)
22 creatures vanquished.

Table legend:
 A = Non-vault XP
 B = Vault XP
 C = Vault XP percentage of total XP
 D = Non-vault monster count
 E = Vault monster count
 F = Vault count percentage of total count
                 A         B        C        D         E       F
            +---------+---------+-------+---------+---------+-------
      Total |      53 |       0 |   0.0 |      22 |       0 |   0.0
            +---------+---------+-------+---------+---------+-------
        D:1 |      34 |       0 |   0.0 |      18 |       0 |   0.0
        D:2 |      19 |       0 |   0.0 |       4 |       0 |   0.0
            +---------+---------+-------+---------+---------+-------

Illustrated notes

Table legend:
 A = Kills in this place as a percentage of kills in entire the game.
 B = Kills by you in this place as a percentage of kills by you in the entire game.
 C = Kills by friends in this place as a percentage of kills by friends in the entire game.
 D = Other kills in this place as a percentage of other kills in the entire game.
 E = Experience gained in this place as a percentage of experience gained in the entire game.
 F = Experience gained in this place divided by the number of levels of this place that you have seen.
                   A       B       C       D       E      F
               +-------+-------+-------+-------+-------+----------------------
         Total | 100.0 | 100.0 |   N/A |   N/A | 100.0 |  26.5
       Dungeon | 100.0 | 100.0 |   N/A |   N/A | 100.0 |  26.5
               +-------+-------+-------+-------+-------+----------------------

Table legend: (Time is in decaauts)
 A = Elapsed time spent in this place.
 B = Non-inter-level travel time spent in this place.
 C = Inter-level travel time spent in this place.
 D = Time resting spent in this place.
 E = Time spent auto-exploring this place.
 F = Levels seen in this place.
 G = Mean time per level.
                   A        B        C        D        E       F      G
               +--------+--------+--------+--------+--------+-----+--------+
         Total |   1385 |   1368 |     17 |    640 |    544 |   2 |  692.5 |
       Dungeon |   1385 |   1368 |     17 |    640 |    544 |   2 |  692.5 |
               +--------+--------+--------+--------+--------+-----+--------+

Top non-repeatable levels by time:
     D:1: 1271 daAuts
     D:2: 113 daAuts
